[Event "ICC tourney 2545 (75 10)"]
[Site "Internet Chess Club"]
[Date "2021.05.01"]
[Round "1"]
[White "Coombs, Zachary:Zacman1"]
[Black "REYES, JOSE:Reyesjojo"]
[Result "0-1"]
[ICCResult "White resigns"]
[WhiteElo "1409"]
[BlackElo "1523"]
[Opening "Old Benoni defense"]
[ECO "A43"]
[NIC "OI.09"]
[Time "11:05:17"]
[PlyCount "46"]
[TimeControl "4500+10"]

1. d4 c5 2. d5 d6 3. c4 g6 4. e4 Nf6 5. Nc3 Bg7 6. f3 O-O 7. Be3 Na6 8. Qd2
Nc7 9. Bh6 e6 10. g4 exd5 11. cxd5 Nxe4 12. Nxe4 Qh4+ 13. Qf2 Qxh6 14. g5
Qh5 15. Ne2 Be5 16. Nf4 Bxf4 17. Nf6+ Kg7 18. Nxh5+ gxh5 19. Qh4 Re8+ 20.
Kf2 Nxd5 21. Bd3 Be3+ 22. Kf1 Nf4 23. Be2 Bh3+ { White resigns } 0-1

[Event "ICC tourney 2545 (75 10)"]
[Site "Internet Chess Club"]
[Date "2021.05.01"]
[Round "1"]
[White "XIE, CHARLES:charlestxie"]
[Black "WANG, YUANZHE:yogokings12"]
[Result "1/2-1/2"]
[ICCResult "Game drawn by mutual agreement"]
[WhiteElo "1427"]
[BlackElo "1577"]
[Opening "Grünfeld: exchange variation"]
[ECO "D85"]
[NIC "GI.03"]
[Time "11:05:10"]
[PlyCount "37"]
[TimeControl "4500+10"]

1. d4 Nf6 2. c4 g6 3. Nc3 d5 4. cxd5 Nxd5 5. Bd2 Nb6 6. Nf3 Bg7 7. e3 O-O
8. Be2 N8d7 9. O-O c5 10. Rc1 cxd4 11. exd4 Nf6 12. Bf4 Nfd5 13. Nxd5 Nxd5
14. Be5 Be6 15. Bxg7 Kxg7 16. Bc4 Rc8 17. b3 h6 18. Qd2 Qd6 19. Rc2 { Game
drawn by mutual agreement } 1/2-1/2

[Event "ICC tourney 2545 (75 10)"]
[Site "Internet Chess Club"]
[Date "2021.05.01"]
[Round "1"]
[White "LIAO, CONNOR:che2468"]
[Black "VIDENA, DANIEL TUAPEN:Davide25"]
[Result "0-1"]
[ICCResult "White checkmated"]
[WhiteElo "1423"]
[BlackElo "1528"]
[Opening "Queen's pawn game"]
[ECO "A45"]
[NIC "QP.07"]
[Time "11:05:20"]
[PlyCount "74"]
[TimeControl "4500+10"]

1. d4 Nf6 2. Nc3 e6 3. a3 d5 4. Bf4 Bd6 5. Bg3 O-O 6. e3 c6 7. Bd3 b6 8.
Nf3 Bb7 9. Ne5 Qc7 10. O-O Nbd7 11. Nxd7 Qxd7 12. Bxd6 Qxd6 13. Ne2 c5 14.
c3 Rac8 15. Ng3 Rfe8 16. Nh5 e5 17. dxe5 Qxe5 18. Nxf6+ Qxf6 19. Qh5 g6 20.
Qg4 Rcd8 21. Bb5 Re4 22. Qg3 Qe7 23. Bd3 Re5 24. b4 d4 25. cxd4 Rg5 26. Qf4
Rxg2+ 27. Kh1 Rg4+ 28. f3 Rxf4 29. exf4 Rxd4 30. Bb5 Rxf4 31. Kg2 Qg5+ 32.
Kf2 Rxf3+ 33. Ke2 Qe3+ 34. Kd1 Rxf1+ 35. Kc2 Be4+ 36. Kb2 Rf2+ 37. Be2
Rxe2# { White checkmated } 0-1

[Event "ICC tourney 2545 (75 10)"]
[Site "Internet Chess Club"]
[Date "2021.05.01"]
[Round "1"]
[White "SHANKAR, ADITH:Queen4aKing"]
[Black "Lin, James:MeLikeGame"]
[Result "1-0"]
[ICCResult "Black resigns"]
[WhiteElo "1474"]
[BlackElo "1375"]
[Opening "Ruy Lopez: 5.O-O"]
[ECO "C78"]
[NIC "RL.07"]
[Time "11:05:07"]
[PlyCount "115"]
[TimeControl "4500+10"]

1. e4 e5 2. Nf3 Nc6 3. Bb5 Nf6 4. O-O a6 5. Ba4 b5 6. Bb3 Bc5 7. Nxe5 Nxe5
8. d4 Bxd4 9. Qxd4 d6 10. Bg5 O-O 11. Nc3 h6 12. Bxf6 Qxf6 13. Nd5 Qd8 14.
f4 Ng6 15. Qf2 c6 16. Ne3 Be6 17. f5 Bxb3 18. axb3 Ne5 19. f6 g6 20. Qh4
Kh7 21. Rf2 Qb6 22. Re1 a5 23. Kh1 Rh8 24. Ree2 a4 25. bxa4 bxa4 26. c3 Kg8
27. Ng4 Nxg4 28. Qxg4 a3 29. b4 Kh7 30. h3 Ra7 31. Ra2 Rha8 32. Rf5 Rg8 33.
Rff2 Qb5 34. Qd1 d5 35. exd5 cxd5 36. Qd4 Rga8 37. Rfe2 Qc4 38. Qxc4 dxc4
39. Re4 Rc7 40. Re7 Rca7 41. Re5 Rc7 42. Ra5 Rxa5 43. bxa5 g5 44. a6 Kg6
45. Kg1 Kxf6 46. Kf2 Ke5 47. Rxa3 Ra7 48. Ke3 f5 49. Ra5+ Ke6 50. Kd4 h5
51. Kxc4 h4 52. Kb5 g4 53. Kb6 Ra8 54. a7 gxh3 55. gxh3 f4 56. Kb7 f3 57.
Kxa8 f2 58. Ra1 { Black resigns } 1-0

[Event "ICC tourney 2545 (75 10)"]
[Site "Internet Chess Club"]
[Date "2021.05.01"]
[Round "1"]
[White "SAXENA, VIHAAN:vihaan2011"]
[Black "ZHU, FLORINA:Florina12345"]
[Result "1/2-1/2"]
[ICCResult "Game drawn because neither player has mating material"]
[WhiteElo "1349"]
[BlackElo "1470"]
[Opening "Giuoco Piano"]
[ECO "C54"]
[NIC "IG.02"]
[Time "11:05:15"]
[PlyCount "141"]
[TimeControl "4500+10"]

1. e4 e5 2. Nf3 Nc6 3. Bc4 Bc5 4. c3 Nf6 5. d3 d6 6. h3 a6 7. O-O Ba7 8.
Nbd2 O-O 9. Re1 Ne7 10. Nf1 Ng6 11. Ng3 Be6 12. Bb3 Re8 13. Bg5 h6 14. Bc1
d5 15. Bc2 dxe4 16. dxe4 Nd7 17. Be3 Nh4 18. Nxh4 Qxh4 19. Bxa7 Rxa7 20.
Qf3 g6 21. Rad1 Nf8 22. Bb3 Bxb3 23. axb3 Raa8 24. Nf1 Rad8 25. Ne3 c6 26.
Ng4 Rxd1 27. Rxd1 Re6 28. Qe3 Kg7 29. Kh2 Qg5 30. Qxg5 hxg5 31. Ne3 Kf6 32.
Rd8 Ke7 33. Rb8 b5 34. Ra8 Nd7 35. Rxa6 Nc5 36. Ra7+ Kf6 37. Ng4+ Kg7 38.
f3 Nxb3 39. Rd7 Nc5 40. Ra7 Na4 41. c4 Nxb2 42. cxb5 c5 43. Ra6 Rxa6 44.
bxa6 Na4 45. a7 Nb6 46. Nxe5 Na8 47. Kg3 f6 48. Nd7 c4 49. Nc5 Kf7 50. f4
gxf4+ 51. Kxf4 Ke7 52. e5 c3 53. g4 c2 54. Nd3 Ke6 55. exf6 Kxf6 56. g5+
Ke6 57. Kg4 Ke7 58. h4 Kf7 59. h5 gxh5+ 60. Kxh5 Kg7 61. g6 Nc7 62. Kg5 Na8
63. Kf5 Nc7 64. Ke5 Kxg6 65. Ke4 Kf6 66. Ke3 Ke6 67. Kd2 Kd6 68. Nb4 Kc5
69. Na6+ Kb6 70. Nxc7 Kxa7 71. Kxc2 { Game drawn because neither player has
mating material } 1/2-1/2

[Event "ICC tourney 2545 (75 10)"]
[Site "Internet Chess Club"]
[Date "2021.05.01"]
[Round "1"]
[White "CLOETE, JACK:kinpin007"]
[Black "Manley, Nicholas:NickManley1987"]
[Result "1-0"]
[ICCResult "Black resigns"]
[WhiteElo "1525"]
[BlackElo "1412"]
[Opening "QGD: Orthodox defense, Botvinnik variation"]
[ECO "D60"]
[NIC "QO.12"]
[Time "11:05:30"]
[PlyCount "62"]
[TimeControl "4500+10"]

1. d4 d5 2. c4 e6 3. Nf3 Nf6 4. Nc3 Be7 5. Bg5 O-O 6. e3 Nbd7 7. Bd3 b6 8.
cxd5 exd5 9. O-O Bb7 10. Qc2 c5 11. b3 cxd4 12. Nxd4 Rc8 13. Qb2 Ne5 14.
Bf5 Bb4 15. Bxc8 Nd3 16. Qd2 Qxc8 17. Qxd3 Bxc3 18. Rac1 Ne4 19. Bf4 Ba6
20. Nb5 Qd7 21. a4 Rc8 22. f3 g5 23. Bg3 Nxg3 24. hxg3 d4 25. Rfd1 Bxb5 26.
Qxb5 Qe7 27. exd4 Qe3+ 28. Kh2 Rd8 29. Rxc3 Qxc3 30. Qxg5+ Kh8 31. Qxd8+
Kg7 { Black resigns } 1-0

[Event "ICC tourney 2545 (75 10)"]
[Site "Internet Chess Club"]
[Date "2021.05.01"]
[Round "1"]
[White "SPERBER, JACOB:jacobsperber"]
[Black "Chang, Linda:BairnOwl"]
[Result "0-1"]
[ICCResult "White resigns"]
[WhiteElo "1445"]
[BlackElo "1317"]
[Opening "Dutch with c4 & Nc3"]
[ECO "A85"]
[NIC "HD.05"]
[Time "11:05:10"]
[PlyCount "36"]
[TimeControl "4500+10"]

1. d4 f5 2. c4 Nf6 3. Nc3 d6 4. e3 c6 5. Bd3 e6 6. Nge2 g6 7. Bd2 Bg7 8.
O-O O-O 9. Qc2 e5 10. dxe5 dxe5 11. f3 Na6 12. Na4 e4 13. fxe4 fxe4 14.
Rxf6 Qxf6 15. Bxe4 Qf2+ 16. Kh1 Qxe2 17. Bf3 Rxf3 18. gxf3 Bh3 { White
resigns } 0-1

[Event "ICC tourney 2545 (75 10)"]
[Site "Internet Chess Club"]
[Date "2021.05.01"]
[Round "1"]
[White "Dungi, Santosh:santoshroopak"]
[Black "SKARIAH, ANUSHKA ELIZABETH:kskariah"]
[Result "0-1"]
[ICCResult "White resigns"]
[WhiteElo "1559"]
[BlackElo "1424"]
[Opening "French defense"]
[ECO "C00"]
[NIC "FR.01"]
[Time "11:05:11"]
[PlyCount "80"]
[TimeControl "4500+10"]

1. e4 e6 2. Bc4 d5 3. exd5 exd5 4. Bb3 Nf6 5. d3 Bd6 6. h3 O-O 7. Qf3 Re8+
8. Ne2 Qe7 9. Nc3 d4 10. Ne4 Nbd7 11. Bg5 Ne5 12. Qg3 Nxd3+ 13. Qxd3 Qxe4
14. Bxf6 Qxd3 15. cxd3 gxf6 16. Rc1 Bf5 17. Rd1 Re7 18. Kf1 c5 19. a3 a6
20. g4 Bg6 21. f4 Rae8 22. Rh2 f5 23. Rg2 Kf8 24. Bd5 Re3 25. Ng3 fxg4 26.
f5 gxh3 27. Rc2 Bxg3 28. Be4 Bxf5 29. Rxc5 Bxe4 30. dxe4 R3xe4 31. Rcc1
Rf4+ 32. Kg1 Rfe4 33. Rf1 d3 34. Rcd1 Re3 35. Rd2 Re1 36. Rd1 Rxf1+ 37.
Kxf1 Re1+ 38. Rxe1 Bxe1 39. Kxe1 h2 40. Kd2 h1=Q { White resigns } 0-1

[Event "ICC tourney 2545 (75 10)"]
[Site "Internet Chess Club"]
[Date "2021.05.01"]
[Round "1"]
[White "GARCIA, CARLOS:cayo89"]
[Black "GIRISH, NIYATHI:missqueen"]
[Result "1-0"]
[ICCResult "Black resigns"]
[WhiteElo "1517"]
[BlackElo "1408"]
[Opening "Queen's pawn, Mason variation, Steinitz counter-gambit"]
[ECO "D00"]
[NIC "QP.08"]
[Time "11:05:53"]
[PlyCount "47"]
[TimeControl "4500+10"]

1. d4 d5 2. Bf4 c5 3. e3 Nf6 4. c3 Nc6 5. Bd3 c4 6. Bc2 e6 7. Nd2 Bd6 8.
Bxd6 Qxd6 9. f4 O-O 10. Ngf3 Nd7 11. Bxh7+ Kxh7 12. Ng5+ Kg8 13. Qh5 Nf6
14. Qh4 Ne7 15. Ndf3 Ng6 16. Qg3 Re8 17. O-O Kf8 18. Ne5 Ke7 19. Ngxf7 Qc7
20. Qxg6 Rg8 21. Nh6 Rf8 22. Qxg7+ Kd6 23. Qxf8+ Qe7 24. Nhf7+ { Black
resigns } 1-0

[Event "ICC tourney 2545 (75 10)"]
[Site "Internet Chess Club"]
[Date "2021.05.01"]
[Round "1"]
[White "KRYLOV, RATISLAV:RatislavK"]
[Black "ATLURI, PRATHIK:ChessStar22"]
[Result "1-0"]
[ICCResult "Black checkmated"]
[WhiteElo "1493"]
[BlackElo "1403"]
[Opening "Caro-Kann: advance variation"]
[ECO "B12"]
[NIC "CK.04"]
[Time "11:05:11"]
[PlyCount "133"]
[TimeControl "4500+10"]

1. e4 c6 2. d4 d5 3. e5 Bf5 4. Nd2 e6 5. Nb3 Nd7 6. Nf3 h6 7. a4 a6 8. a5
c5 9. c3 Rc8 10. Be3 Be4 11. Nbd2 cxd4 12. cxd4 Bb4 13. Qa4 Bxd2+ 14. Nxd2
Bc2 15. Qb4 Rb8 16. Rc1 Bh7 17. Nb3 Ne7 18. Be2 Nc6 19. Qa4 O-O 20. O-O Qe7
21. Bxa6 bxa6 22. Rxc6 Bd3 23. Rd6 Bb5 24. Qa3 Bxf1 25. Kxf1 Rfc8 26. Bd2
Rb5 27. Bb4 Rcb8 28. Nc5 Nxc5 29. Bxc5 Qg5 30. b4 Qd2 31. g3 Ra8 32. Qe3
Qxe3 33. fxe3 g5 34. g4 Kg7 35. Ke2 Kg8 36. Kd2 Rbb8 37. Kc3 Rd8 38. Rb6
Rdb8 39. Kb3 Rxb6 40. axb6 f6 41. Bd6 fxe5 42. b7 Re8 43. dxe5 Kf7 44. b8=Q
Rxb8 45. Bxb8 Ke7 46. Bd6+ Kd7 47. Ka4 Kc6 48. Ka5 Kb7 49. Bf8 d4 50. exd4
h5 51. h3 hxg4 52. hxg4 Kb8 53. Kxa6 Ka8 54. Kb6 Kb8 55. Kc6 Kc8 56. Kd6
Kd8 57. Kxe6 Ke8 58. Bh6 Kd8 59. Bxg5+ Ke8 60. Be3 Kd8 61. g5 Ke8 62. g6
Kf8 63. Bh6+ Kg8 64. b5 Kh8 65. b6 Kg8 66. b7 Kh8 67. b8=Q# { Black
checkmated } 1-0

[Event "ICC tourney 2545 (75 10)"]
[Site "Internet Chess Club"]
[Date "2021.05.01"]
[Round "1"]
[White "Li, Jingtu Oscar:ZYCON"]
[Black "SULTAN, BASHIR Cisse:muzikmixer"]
[Result "0-1"]
[ICCResult "White resigns"]
[WhiteElo "1408"]
[BlackElo "1511"]
[Opening "Pirc: Ufimtsev-Pytel variation"]
[ECO "B07"]
[NIC "PU.08"]
[Time "11:05:40"]
[PlyCount "70"]
[TimeControl "4500+10"]

1. d4 d6 2. e4 Nf6 3. Nc3 c6 4. Nf3 Bg4 5. Be2 e6 6. O-O Be7 7. Be3 O-O 8.
Nd2 Bxe2 9. Qxe2 d5 10. exd5 cxd5 11. h3 Nc6 12. Nb3 Rc8 13. Rfd1 Na5 14.
Nxa5 Qxa5 15. a3 Rc4 16. Rac1 Rfc8 17. Rd2 Qb6 18. Nd1 Ne4 19. Rd3 Qa6 20.
Rb3 Qc6 21. Kf1 b6 22. Ke1 Rxc2 23. Rxc2 Qxc2 24. Qxc2 Rxc2 25. Nc3 Nxc3
26. bxc3 Ra2 27. Bc1 Rc2 28. Bd2 Kf8 29. Kd1 Ra2 30. Kc1 Bxa3+ 31. Kb1 Rxd2
32. Rxa3 Rxf2 33. Rxa7 g6 34. Rb7 Rxg2 35. Rxb6 Rg3 { White resigns } 0-1

[Event "ICC tourney 2545 (75 10)"]
[Site "Internet Chess Club"]
[Date "2021.05.01"]
[Round "1"]
[White "LIU, BO:Supersky"]
[Black "DUVAL, GEORGE:Gduval"]
[Result "1-0"]
[ICCResult "Black resigns"]
[WhiteElo "1322"]
[BlackElo "1451"]
[Opening "Colle system"]
[ECO "D05"]
[NIC "QP.06"]
[Time "11:05:28"]
[PlyCount "79"]
[TimeControl "4500+10"]

1. d4 Nf6 2. Nf3 e6 3. e3 d5 4. Bd3 c5 5. c3 Nc6 6. O-O Bd6 7. Nbd2 O-O 8.
e4 cxd4 9. cxd4 dxe4 10. Nxe4 h6 11. b3 Bc7 12. Bb2 Nd5 13. Rc1 Ncb4 14.
Bb1 b6 15. a3 Bf4 16. Rc4 Ba6 17. axb4 Bxc4 18. bxc4 Nxb4 19. Ba3 a5 20.
Bxb4 axb4 21. Qc2 f5 22. Ng3 g6 23. Ne2 Bc7 24. Rd1 g5 25. d5 exd5 26. Rxd5
Qe7 27. Nfd4 Ra1 28. Nxf5 Rxb1+ 29. Qxb1 Qxe2 30. Nxh6+ Kh8 31. Qa1+ Kh7
32. Rd7+ Kg6 33. Qg7+ Kh5 34. g4+ Kh4 35. Qxf8 Qe1+ 36. Kg2 Qe4+ 37. Qf3
Qxf3+ 38. Kxf3 Kh3 39. Rxc7 b3 40. Rb7 { Black resigns } 1-0

[Event "ICC tourney 2545 (75 10)"]
[Site "Internet Chess Club"]
[Date "2021.05.01"]
[Round "1"]
[White "ZHUGE, KATHERINE:FlowingMelody"]
[Black "Goldblatt, Steven:SGOLD9367"]
[Result "1-0"]
[ICCResult "Black resigns"]
[WhiteElo "1465"]
[BlackElo "1341"]
[Opening "French: Tarrasch, Eliskases variation"]
[ECO "C07"]
[NIC "FR.19"]
[Time "11:05:53"]
[PlyCount "109"]
[TimeControl "4500+10"]

1. e4 e6 2. d4 d5 3. Nd2 c5 4. exd5 Qxd5 5. Ngf3 cxd4 6. Bc4 Qd8 7. Nb3
Bb4+ 8. Bd2 Bxd2+ 9. Qxd2 a6 10. Qxd4 Qxd4 11. Nbxd4 b5 12. Bb3 Bb7 13.
O-O-O Nc6 14. Nxc6 Bxc6 15. Rd3 Nf6 16. Re1 O-O 17. h3 Rac8 18. g4 Ne4 19.
Re2 Nc5 20. Rc3 Nxb3+ 21. axb3 b4 22. Rce3 Rfd8 23. Rd2 Rxd2 24. Kxd2 Rd8+
25. Kc1 Bd5 26. Ne5 Rc8 27. Nd7 Rc6 28. Ne5 Rc7 29. g5 Kf8 30. h4 Ke7 31.
f4 f6 32. Ng4 Kf7 33. gxf6 gxf6 34. Rg3 Be4 35. Nh6+ Ke8 36. Rg8+ Kd7 37.
Rg7+ Kc6 38. Rxc7+ Kxc7 39. Ng4 Bg6 40. c3 bxc3 41. bxc3 f5 42. Ne5 Kd6 43.
Kd2 Kd5 44. Ke3 Bh5 45. b4 Bg4 46. c4+ Kd6 47. Kd4 Be2 48. c5+ Kc7 49. Nf7
Bf3 50. Ng5 Bh5 51. Nxh7 Kc6 52. Nf6 Bf3 53. h5 Bxh5 54. Nxh5 Kb5 55. Ke5 {
Black resigns } 1-0

[Event "ICC tourney 2545 (75 10)"]
[Site "Internet Chess Club"]
[Date "2021.05.01"]
[Round "1"]
[White "STONE, GILBERT L:tightfist"]
[Black "Pulijala, Akshaj:akshajp"]
[Result "1/2-1/2"]
[ICCResult "Game drawn by mutual agreement"]
[WhiteElo "1396"]
[BlackElo "1487"]
[Opening "Queen's pawn game"]
[ECO "D05"]
[NIC "QP.09"]
[Time "11:05:27"]
[PlyCount "177"]
[TimeControl "4500+10"]

1. Nf3 d5 2. d4 Nf6 3. e3 e6 4. c4 Nc6 5. Nc3 Bb4 6. cxd5 exd5 7. Bb5 O-O
8. Bxc6 bxc6 9. Ne5 Qd6 10. O-O Ba6 11. Re1 Bxc3 12. bxc3 Ne4 13. Qc2 f6
14. Nf3 Rfe8 15. a4 Bc4 16. Nd2 Nxd2 17. Ba3 Nf3+ 18. gxf3 Qe6 19. e4 Qh3
20. Re3 Qh4 21. Rae1 Qf4 22. exd5 Rxe3 23. Rxe3 Bxd5 24. Qe2 h6 25. Bc1 Qf5
26. c4 Bf7 27. Re7 Bh5 28. Qe6+ Qxe6 29. Rxe6 Bxf3 30. Re3 Bd1 31. a5 Kf8
32. Ba3+ Kg8 33. Kg2 Rb8 34. Re7 Rb7 35. Bd6 Bb3 36. c5 Bd5+ 37. Kg3 Rb3+
38. Kh4 cxd6 39. cxd6 Rb8 40. Rxa7 Rd8 41. d7 Be6 42. Rc7 Bxd7 43. a6 Kf7
44. a7 Ke6 45. Rb7 Ra8 46. Kh5 Be8+ 47. Kg4 h5+ 48. Kf4 g5+ 49. Ke3 Bg6 50.
Rg7 Bc2 51. Rc7 Ba4 52. Rh7 h4 53. f3 Kf5 54. Re7 g4 55. Rg7 gxf3 56. Kxf3
Bc2 57. Ke3 Bb3 58. Rc7 Bd5 59. Rh7 Kg4 60. Rg7+ Kf5 61. Rc7 h3 62. Rg7 Ke6
63. Kf4 c5 64. dxc5 Rc8 65. Rh7 Bg2 66. Rh5 Kd7 67. Rh6 Kc6 68. Rxf6+ Kxc5
69. Rf7 Ra8 70. Ke5 Kb6 71. Kd6 Rxa7 72. Rxa7 Kxa7 73. Kc5 Kb7 74. Kd4 Kc6
75. Ke3 Kd5 76. Kd3 Ke5 77. Ke3 Kf5 78. Kf2 Kg4 79. Kg1 Ba8 80. Kf2 Kf4 81.
Kg1 Ke3 82. Kf1 Be4 83. Kg1 Bd3 84. Kh1 Ke2 85. Kg1 Kf3 86. Kh1 Be4 87. Kg1
Ke3 88. Kf1 Bf3 89. Kg1 { Game drawn by mutual agreement } 1/2-1/2

[Event "ICC tourney 2545 (75 10)"]
[Site "Internet Chess Club"]
[Date "2021.05.01"]
[Round "2"]
[White "REMPE, LENNIK:Kokosnuss1000"]
[Black "WAKIDA, KEN:Yamato1945"]
[Result "0-1"]
[ICCResult "White resigns"]
[WhiteElo "1081"]
[BlackElo "1419"]
[Opening "Caro-Kann: classical variation"]
[ECO "B18"]
[NIC "CK.10"]
[Time "14:31:14"]
[PlyCount "28"]
[TimeControl "4500+10"]

1. e4 c6 2. d4 d5 3. Nc3 dxe4 4. Nxe4 Bf5 5. Nc3 Nf6 6. Nf3 e6 7. Bc4 Bd6
8. O-O O-O 9. Bg5 Nbd7 10. Re1 Qc7 11. Ne5 Nxe5 12. Bxf6 Nxc4 13. b3 Nb6
14. Bh4 Bb4 { White resigns } 0-1

[Event "ICC tourney 2545 (75 10)"]
[Site "Internet Chess Club"]
[Date "2021.05.01"]
[Round "2"]
[White "Lin, James:MeLikeGame"]
[Black "LIAO, CONNOR:che2468"]
[Result "0-1"]
[ICCResult "White resigns"]
[WhiteElo "1375"]
[BlackElo "1423"]
[Opening "Sicilian: closed"]
[ECO "B23"]
[NIC "SI.44"]
[Time "14:31:13"]
[PlyCount "68"]
[TimeControl "4500+10"]

1. e4 c5 2. Nc3 d6 3. f4 Nc6 4. Nf3 Nf6 5. Bb5 e6 6. d3 Be7 7. O-O O-O 8.
a3 a6 9. Bc4 b5 10. Ba2 Bb7 11. Ng5 Nd4 12. Ne2 d5 13. Nxd4 cxd4 14. e5 Nd7
15. c4 dxc4 16. dxc4 bxc4 17. Qxd4 Bc5 18. Qxc5 Nxc5 19. Be3 Qd5 20. Nf3
Nd3 21. Rad1 Rac8 22. Ne1 Qe4 23. Bb1 Rfd8 24. Bf2 Qe2 25. Nf3 Bxf3 26.
gxf3 Qxf3 27. Bxd3 Rxd3 28. Rxd3 cxd3 29. Be1 Qe3+ 30. Bf2 Qxf4 31. Bg3
Qe3+ 32. Kg2 d2 33. Rd1 Qe2+ 34. Bf2 Qxd1 { White resigns } 0-1

[Event "ICC tourney 2545 (75 10)"]
[Site "Internet Chess Club"]
[Date "2021.05.01"]
[Round "2"]
[White "Manley, Nicholas:NickManley1987"]
[Black "Li, Jingtu Oscar:ZYCON"]
[Result "0-1"]
[ICCResult "White checkmated"]
[WhiteElo "1412"]
[BlackElo "1408"]
[Opening "Sicilian: Smith-Morra gambit"]
[ECO "B21"]
[NIC "SI.48"]
[Time "14:31:10"]
[PlyCount "56"]
[TimeControl "4500+10"]

1. e4 c5 2. d4 cxd4 3. c3 g6 4. cxd4 Bg7 5. Nf3 Nf6 6. Nc3 d6 7. Bc4 O-O 8.
O-O Nc6 9. e5 dxe5 10. dxe5 Ng4 11. Bf4 Ngxe5 12. Nxe5 Nxe5 13. Bb3 Nd3 14.
Qd2 Nxf4 15. Qxf4 Bxc3 16. bxc3 Qa5 17. Qe3 e6 18. Rad1 b6 19. Rd6 Ba6 20.
Rfd1 Rac8 21. Qh6 Qxc3 22. Bxe6 Rce8 23. Bxf7+ Rxf7 24. h4 Re1+ 25. Kh2
Qe5+ 26. g3 Rxf2+ 27. Kh3 Qf5+ 28. g4 Qf3# { White checkmated } 0-1

[Event "ICC tourney 2545 (75 10)"]
[Site "Internet Chess Club"]
[Date "2021.05.01"]
[Round "2"]
[White "WANG, YUANZHE:yogokings12"]
[Black "STONE, GILBERT L:tightfist"]
[Result "1-0"]
[ICCResult "Black checkmated"]
[WhiteElo "1577"]
[BlackElo "1396"]
[Opening "French: Steinitz variation"]
[ECO "C11"]
[NIC "FR.04"]
[Time "14:31:30"]
[PlyCount "37"]
[TimeControl "4500+10"]

1. e4 e6 2. d4 d5 3. Nc3 Nf6 4. e5 Nfd7 5. f4 Bb4 6. Nf3 c5 7. a3 Bxc3+ 8.
bxc3 Nc6 9. Bd3 O-O 10. Bxh7+ Kh8 11. Ng5 g6 12. h4 Kg7 13. h5 Qe7 14. hxg6
fxg6 15. Bxg6 Nf6 16. exf6+ Qxf6 17. Rh7+ Kxg6 18. Qh5+ Kf5 19. g4# { Black
checkmated } 1-0

[Event "ICC tourney 2545 (75 10)"]
[Site "Internet Chess Club"]
[Date "2021.05.01"]
[Round "2"]
[White "Pulijala, Akshaj:akshajp"]
[Black "SAXENA, VIHAAN:vihaan2011"]
[Result "1-0"]
[ICCResult "Black resigns"]
[WhiteElo "1487"]
[BlackElo "1349"]
[Opening "Queen's pawn: Chigorin variation"]
[ECO "D00"]
[NIC "QP.08"]
[Time "14:31:30"]
[PlyCount "55"]
[TimeControl "4500+10"]

1. d4 d5 2. Nc3 e6 3. a3 Nf6 4. Bf4 Bd6 5. Bxd6 Qxd6 6. Nf3 Nbd7 7. e3 c6
8. Bd3 O-O 9. O-O e5 10. dxe5 Nxe5 11. h3 Nxd3 12. Qxd3 h6 13. Rad1 Be6 14.
Rfe1 Qc7 15. Nd4 Nd7 16. b4 Ne5 17. Qe2 a6 18. e4 dxe4 19. Qxe4 Nc4 20.
Nxe6 fxe6 21. Qxc4 Rf6 22. Rxe6 Qf7 23. Re4 Rxf2 24. Qxf7+ Rxf7 25. Rde1
Re8 26. Rxe8+ Rf8 27. Rxf8+ Kxf8 28. Kf2 { Black resigns } 1-0

[Event "ICC tourney 2545 (75 10)"]
[Site "Internet Chess Club"]
[Date "2021.05.01"]
[Round "2"]
[White "DUVAL, GEORGE:Gduval"]
[Black "Coombs, Zachary:Zacman1"]
[Result "1/2-1/2"]
[ICCResult "Game drawn by mutual agreement"]
[WhiteElo "1451"]
[BlackElo "1409"]
[Opening "Czech Benoni defense"]
[ECO "A56"]
[NIC "BI.38"]
[Time "14:31:30"]
[PlyCount "93"]
[TimeControl "4500+10"]

1. d4 Nf6 2. c4 c5 3. d5 e5 4. Nc3 d6 5. e3 Be7 6. e4 O-O 7. Nf3 Nbd7 8.
Be2 Ne8 9. O-O g6 10. Bh6 Ng7 11. Qd2 Nf6 12. h3 Kh8 13. Nh2 Ng8 14. Bxg7+
Kxg7 15. f4 exf4 16. Qxf4 Bf6 17. Nb5 Be5 18. Qf3 a6 19. Nc3 Bd7 20. Ng4
Bd4+ 21. Kh1 Qe7 22. Rae1 f6 23. Bd3 Rf7 24. Ne2 Bxb2 25. Rb1 Be5 26. Nxe5
Qxe5 27. Rxb7 Raf8 28. Ng1 Kh8 29. Qf2 Qe8 30. Nf3 Qa8 31. Qb2 Qc8 32. Ng5
Rg7 33. Ne6 Bxe6 34. Rxg7 Kxg7 35. dxe6 Qxe6 36. Qb7+ Rf7 37. Qxa6 Ne7 38.
a4 f5 39. exf5 Nxf5 40. Bxf5 Rxf5 41. Qb7+ Kh6 42. Rxf5 Qxf5 43. Qf3 Qb1+
44. Kh2 Qc1 45. Qf8+ Kh5 46. Qf3+ Kh6 47. Qf8+ { Game drawn by mutual
agreement } 1/2-1/2

[Event "ICC tourney 2545 (75 10)"]
[Site "Internet Chess Club"]
[Date "2021.05.01"]
[Round "2"]
[White "VIDENA, DANIEL TUAPEN:Davide25"]
[Black "SHANKAR, ADITH:Queen4aKing"]
[Result "1-0"]
[ICCResult "Black resigns"]
[WhiteElo "1528"]
[BlackElo "1474"]
[Opening "QGD: 3.Nc3"]
[ECO "D31"]
[NIC "QP.08"]
[Time "14:31:20"]
[PlyCount "91"]
[TimeControl "4500+10"]

1. d4 d5 2. c4 e6 3. Nc3 Bb4 4. e3 Nf6 5. Qb3 Nc6 6. Nf3 O-O 7. a3 Bxc3+ 8.
bxc3 dxc4 9. Qxc4 Ne7 10. Bd3 Ned5 11. Rb1 b5 12. Rxb5 Ba6 13. Rxd5 Bxc4
14. Rxd8 Bxd3 15. Rxf8+ Kxf8 16. Ne5 Ba6 17. c4 Rb8 18. O-O Rb3 19. Bd2 Ne4
20. Bb4+ Ke8 21. Rc1 Rb2 22. Nd3 Rb3 23. Nc5 Nxc5 24. Bxc5 Kd7 25. e4 Bxc4
26. h4 Bb5 27. f3 a6 28. Kh2 c6 29. Kg3 Rb2 30. h5 f6 31. Bf8 g6 32. h6 Ke8
33. Bg7 Kf7 34. Ra1 f5 35. a4 Bd3 36. d5 exd5 37. Bxb2 dxe4 38. Rc1 e3 39.
Rxc6 e2 40. Kf2 g5 41. Bc3 f4 42. g3 fxg3+ 43. Kxg3 Kg8 44. Kf2 Kf7 45. Ke3
Bc2 46. Rxa6 { Black resigns } 1-0

[Event "ICC tourney 2545 (75 10)"]
[Site "Internet Chess Club"]
[Date "2021.05.01"]
[Round "2"]
[White "ATLURI, PRATHIK:ChessStar22"]
[Black "SPERBER, JACOB:jacobsperber"]
[Result "0-1"]
[ICCResult "White checkmated"]
[WhiteElo "1403"]
[BlackElo "1445"]
[Opening "King's Indian defense, 3.Nc3"]
[ECO "E61"]
[NIC "KI.80"]
[Time "14:31:20"]
[PlyCount "116"]
[TimeControl "4500+10"]

1. d4 Nf6 2. c4 g6 3. Nc3 Bg7 4. Nf3 O-O 5. g3 c6 6. Bg2 d5 7. cxd5 cxd5 8.
O-O Nc6 9. a3 a6 10. Be3 e6 11. h3 Bd7 12. Qd2 Na5 13. Qd1 Nc4 14. Qc1 Rc8
15. Ne5 Nxe5 16. dxe5 Ne4 17. Bxe4 dxe4 18. Bg5 Qa5 19. Bh6 Qxe5 20. Bxg7
Kxg7 21. Qd2 Bc6 22. Rfd1 Rfd8 23. Qe3 h5 24. Rd2 Rxd2 25. Qxd2 Qf5 26. h4
Rc7 27. Rd1 Rd7 28. Qc2 Rxd1+ 29. Qxd1 Kh7 30. Qd2 Qc5 31. Nd1 Qd5 32. Qxd5
exd5 33. e3 Kg7 34. Kf1 Kf6 35. Nc3 Ke5 36. Ne2 Bb5 37. Ke1 Bxe2 38. Kxe2
d4 39. exd4+ Kxd4 40. Kd2 f6 41. b3 b6 42. a4 b5 43. axb5 axb5 44. b4 Kc4
45. Ke3 Kxb4 46. Kf4 Kc3 47. Kxe4 b4 48. f4 b3 49. f5 b2 50. Kf4 b1=Q 51.
g4 hxg4 52. Kxg4 Qxf5+ 53. Kg3 Kd3 54. h5 gxh5 55. Kh2 Qg4 56. Kh1 Ke2 57.
Kh2 Kf2 58. Kh1 Qh3# { White checkmated } 0-1